 Dungeon Crawl Stone Soup version 0.29-a0-962-gc8bbfd0a37 (webtiles) character file.

Game seed: 9276232110305177092

592 jlumianski the Chiller (level 7, -12/48 HPs)
             Began as a Demonspawn Ice Elementalist on July 30, 2022.
             Killed from afar by Grinder (21 damage)
             ... with a bolt of dispelling energy
             ... on level 4 of the Dungeon.
             The game lasted 00:25:01 (4637 turns).

jlumianski the Chiller (DsIE)                       Turns: 4637, Time: 00:25:07

Health: -12/48     AC:  5    Str: 19    XL:     7   Next: 16%
Magic:  0/13       EV: 12    Int: 18    God:
Gold:   16         SH:  0    Dex:  8    Spells: 7/14 levels left

rFire   . . .      SeeInvis .   w - +1 rapier "Soust" {spect, rF- rCorr Str+10 Dex-5}
rCold   . . .      Faith    .   (no shield)
rNeg    . . .      Spirit   +   m - +2 robe {rF+}
rPois   .          Reflect  .   (no helmet)
rElec   .          Harm     .   (no cloak)
rCorr   +          Rampage  .   (no gloves)
Will    .....                   c - +0 pair of boots
Stlth   ++........              l - amulet of guardian spirit
HPRegen 0.16/turn               t - ring of wizardry
MPRegen 0.13/turn               (no ring)

@: no status effects
A: ignite blood 1, demonic touch 2
a: no special abilities


You were on level 4 of the Dungeon.
You visited 1 branch of the dungeon, and saw 4 of its levels.
You also visited: Ossuary.

You collected 268 gold pieces.
You spent 252 gold pieces at shops.

Inventory:

Hand Weapons
 e - a +2 dagger of protection
 w - the +1 rapier "Soust" (weapon) {spect, rF- rCorr Str+10 Dex-5}
   (You bought it in a shop on level 4 of the Dungeon)

   When its wielder attacks, the weapon's spirit leaps out and strikes again.
   The spirit shares a part of any damage it takes with its wielder.
   Str:       It affects your strength (+10).
   Dex:       It affects your dexterity (-5).
   rF:        It makes you vulnerable to fire.
   rCorr:     It protects you from acid and corrosion.
Missiles
 h - 40 stones
 s - 2 atropa-tipped darts
 u - 6 poisoned darts (quivered)
Armour
 a - a +0 robe
 c - a +0 pair of boots (worn)
 m - a +2 robe of fire resistance (worn)
Magical Staves
 i - a staff of air
Jewellery
 l - an amulet of guardian spirit (around neck)
 t - a ring of wizardry (left hand)
Scrolls
 d - a scroll of enchant armour {unknown}
 f - 6 scrolls of identify {unknown}
 g - a scroll of immolation {unknown}
 k - a scroll of vulnerability {unknown}
 o - a scroll of poison {unknown}
 p - 2 scrolls of noise {unknown}
 v - a scroll of silence {unknown}
Potions
 b - 2 potions of magic
 j - 3 potions of curing
 n - a potion of mutation {unknown}
 q - a potion of heal wounds {unknown}
 r - a potion of might {unknown}


   Skills:
 + Level 1.2 Fighting
 + Level 2.8 Short Blades
 + Level 3.4 Dodging
 + Level 2.6 Stealth
 + Level 4.0 Spellcasting
 + Level 5.0 Ice Magic


You had 7 spell levels left.
You knew the following spells:

 Your Spells              Type           Power      Damage    Failure   Level
a - Freeze                Ice            84%        1d10      1%          1
b - Frozen Ramparts       Ice            42%        1d6       2%          3
c - Ozocubu's Armour      Ice            21%        N/A       2%          3

Your spell library contained the following spells:

 Spells                   Type           Power      Damage    Failure   Level
 Apportation              Tloc           6%         N/A       6%          1
 Necrotise                Necr           12%        1d4       6%          1
 Sting                    Tmut/Pois      12%        1d3       6%          1
 Summon Small Mammal      Summ           12%        N/A       6%          1
 Poisonous Vapours        Pois/Air       6%         N/A       9%          2
 Dazzling Flash           Conj/Hex       6%         N/A       17%         3
 Hailstorm                Conj/Ice       12%        3d5       21%         4
 Iskenderun's Mystic Bla  Conj/Tloc      3%         2d3       47%         4
 Leda's Liquefaction      Hex/Erth       1%         N/A       47%         4
 Olgreb's Toxic Radiance  Pois           3%         N/A       47%         4
 Lee's Rapid Deconstruct  Erth           1%         3d5*      82%         5
 Ozocubu's Refrigeration  Ice            10%        4d7       99%         7
 Starburst                Conj/Fire      1%         6d3       100%        6
 Statue Form              Tmut/Erth      2%         N/A       100%        6


Dungeon Overview and Level Annotations

Branches:
Dungeon (4/15)            Ossuary (visited)
 Temple: D:4-7

Altars:
Ru

Shops:
D:4 **([?

Annotations:
D:4 Grinder


Innate Abilities, Weirdness & Mutations

Your demonic aura sometimes causes spilled blood to erupt in flames.
Your touch may inflict irresistible damage on your foes.


Message History

Grinder is lightly wounded.
Your +1 rapier "Soust" {spect, rF- rCorr Str+10 Dex-5} misses Grinder.
Grinder resists.
The wall freezes Grinder.
Grinder hits you.
You writhe in agony.
You hit Grinder.
Grinder is lightly wounded.
Your +1 rapier "Soust" {spect, rF- rCorr Str+10 Dex-5} hits Grinder!
Grinder completely resists.
The wall freezes Grinder but does no damage.
Grinder gestures at you. Pain shoots through your body!
Grinder completely resists.
The wall freezes Grinder but does no damage.
Grinder zaps a wand.
The bolt of dispelling energy hits you!
Your magical effects are unravelling.
You hit Grinder but do no damage.
Grinder is heavily wounded.
Your +1 rapier "Soust" {spect, rF- rCorr Str+10 Dex-5} completely misses Grinder.
The frozen ramparts melt away.
Grinder gestures at you.
You suddenly lose the ability to move!
Grinder zaps a wand.
The bolt of dispelling energy hits you!
Your magical effects are unravelling.
* * * LOW HITPOINT WARNING * * *
You can move again.
You barely miss Grinder.
Grinder is heavily wounded.
Your +1 rapier "Soust" {spect, rF- rCorr Str+10 Dex-5} completely misses Grinder.
Grinder hits you.
* * * LOW HITPOINT WARNING * * *
You writhe in agony.
* * * LOW HITPOINT WARNING * * *
It was a potion of curing.
You feel better. Grinder hits you but does no damage.
You hit Grinder but do no damage.
Grinder is heavily wounded.
Your +1 rapier "Soust" {spect, rF- rCorr Str+10 Dex-5} hits Grinder!
Grinder says, "There's only one good use for a tongue: cutting it out."
Grinder zaps a wand.
The bolt of dispelling energy hits you!!
You die...

#.........#..#
#....†....#.>#
#.........##.#
#.........# .#
#.........# .#
#.........##.#
#............#
########'#####.##
#.@5§.....
###(....#.
.###... .# # .#
.# .. ##


You could see Grinder and a friendly +1 rapier "Soust" {spect, rF- rCorr Str+10
Dex-5} (summoned).

Vanquished Creatures
  2 elf zombies (Ossuary)
  A howler monkey (D:4)
  A jelly (D:4)
  A human zombie (Ossuary)
  A centaur zombie (Ossuary)
  A hound (D:3)
  Jessica (D:2)
  Natasha (thrice) (D:2)
  2 orc wizards (D:3)
  2 mummies (Ossuary)
  3 adders
  An adder zombie (Ossuary)
  2 worms
  2 dart slugs (D:1)
  An orc (D:3)
  3 endoplasms
  2 giant cockroaches (D:1)
  5 goblins
  5 hobgoblins
  4 jackals (D:3)
  9 kobolds
  8 quokkas
  4 ball pythons
  A bat (D:1)
  3 frilled lizards (D:1)
  3 goblin zombies (Ossuary)
  10 hobgoblin zombies (Ossuary)
  11 kobold zombies (Ossuary)
  6 orc zombies (Ossuary)
  5 rats
  A rat zombie (Ossuary)
104 creatures vanquished.

Notes
Turn   | Place    | Note
-------+----------+-------------------------------------------
     0 | D:1      | jlumianski the Demonspawn Ice Elementalist began the quest
                  | for the Orb.
     0 | D:1      | Reached XP level 1. HP: 13/13 MP: 3/3
   411 | D:2      | Gained mutation: Your touch may inflict minor irresistible
                  | damage on your foes. [demonic ancestry]
   411 | D:2      | Reached XP level 2. HP: 11/19 MP: 0/5
   443 | D:2      | Noticed Natasha
   826 | D:1      | Reached skill level 4 in Ice Magic
  1141 | D:2      | Killed Natasha
  1142 | D:2      | Reached XP level 3. HP: 14/24 MP: 2/7
  1155 | D:1      | Learned a level 3 spell: Frozen Ramparts
  2059 | D:1      | Found a faded altar of an unknown god.
  2210 | D:2      | Reached XP level 4. HP: 30/30 MP: 2/8
  2316 | D:2      | Noticed Natasha
  2329 | D:2      | Killed Natasha
  2330 | D:2      | Reached skill level 1 in Short Blades
  2511 | D:2      | Noticed Jessica
  2524 | D:2      | Killed Jessica
  2525 | D:2      | Reached XP level 5. HP: 26/35 MP: 2/9
  2776 | D:2      | Noticed Natasha
  2792 | D:2      | Killed Natasha
  2930 | D:3      | Found a sacrificial altar of Ru.
  2968 | D:4      | Found a sand-covered staircase.
  2995 | Ossuary  | Entered an ossuary
  3030 | Ossuary  | Learned a level 3 spell: Ozocubu's Armour
  3516 | Ossuary  | Gained mutation: Your demonic aura sometimes causes spilled
                  | blood to erupt in flames. [demonic ancestry]
  3516 | Ossuary  | Reached XP level 6. HP: 35/42 MP: 3/11
  3644 | Ossuary  | Reached skill level 1 in Fighting
  4225 | D:3      | Gained mutation: Your touch may inflict irresistible damage
                  | on your foes. [demonic ancestry]
  4225 | D:3      | Reached XP level 7. HP: 47/48 MP: 8/13
  4428 | D:4      | Reached skill level 5 in Ice Magic
  4436 | D:4      | Found Raiwayq's Armour Boutique.
  4462 | D:4      | Found Tooplu's General Store.
  4467 | D:4      | Found Hoane's Antique Weapon Boutique.
  4473 | D:4      | Found Poac's Magic Scroll Boutique.
  4537 | D:4      | Found Icuoleid's Assorted Antiques.
  4572 | D:4      | Bought an ichor-stained rapier for 252 gold pieces
  4572 | D:4      | Identified the +1 rapier "Soust" {spect, rF- rCorr Str+10
                  | Dex-5} (You bought it in a shop on level 4 of the Dungeon)
  4618 | D:4      | Noticed Grinder
  4633 | D:4      | Paralysed by Grinder for 5 turns
  4637 | D:4      | Killed from afar by Grinder

Illustrated notes

Levels and vault maps discovered:
D:1:      psy_arrival_conway, layout_loops_ring,
          dreamdust_ecumenical_altar_hidden_monk_grotto
D:2:      layout_rooms, st_stairs_4, uniq_jessica, uniq_natasha
D:3:      layout_loops_corners, marbit_many_paths,
          nicolae_overflow_crystal_walls, mainiacjoe_overflow_cross_hatched,
          minmay_misc_feat_five, kennysheep_generic_room_14
D:4:      layout_basic, lightli_ossuary_entry_decrepit_ruins, serial_shops,
          nicolae_shop_hallway_plus, minmay_shop_grid_forest,
          lexackson_kobold_supper, uniq_robin, uniq_grinder

Skill      XL: |  1  2  3  4  5  6  7 |
---------------+----------------------+-----
Ice Magic      | 4 5 |  5.0
Dodging        | 2 3 |  3.4
Short Blades   | 1 2 |  2.8
Stealth        | 2 |  2.6
Spellcasting   | 3 4 |  4.0
Fighting       | 1 |  1.2

Action                   |  1- 3 |  4- 6 |  7- 9 || total
-------------------------+-------+-------+-------++-------
Melee: Unarmed           |     5 |       |       ||     5
       Dagger            |    26 |   190 |     5 ||   221
       Touch             |     3 |    41 |     3 ||    47
       Punch             |       |     3 |       ||     3
       Rapier            |       |       |     7 ||     7
 Cast: Freeze            |    28 |     7 |       ||    35
       Frozen Ramparts   |     7 |    21 |     5 ||    33
       Ozocubu's Armour  |       |     5 |     1 ||     6
  Use: Potion            |       |       |     1 ||     1
 Stab: Sleeping          |     1 |     5 |     1 ||     7
Armor: Robe              |    10 |    85 |     2 ||    97
Dodge: Dodged            |    27 |   127 |     2 ||   156

Table legend: (Time is in decaauts)
 A = Elapsed time spent in this place.
 B = Non-inter-level travel time spent in this place.
 C = Inter-level travel time spent in this place.
 D = Time resting spent in this place.
 E = Time spent auto-exploring this place.
 F = Levels seen in this place.
 G = Mean time per level.
                   A        B        C        D        E       F      G
               +--------+--------+--------+--------+--------+-----+--------+
         Total |   4632 |   4551 |     81 |    898 |   1836 |   5 |  926.4 |
       Dungeon |   3738 |   3657 |     81 |    681 |   1836 |   4 |  934.5 |
       Ossuary |    894 |    894 |      0 |    217 |      0 |   1 |  894.0 |
               +--------+--------+--------+--------+--------+-----+--------+

Top non-repeatable levels by time:
     D:1: 2055 daAuts
 Ossuary: 894 daAuts
     D:2: 786 daAuts
     D:3: 576 daAuts
     D:4: 321 daAuts
